 Dungeon Crawl Stone Soup version 0.31-a0-746-ge8284cb111 (webtiles) character file.

Game seed: 9915564428685300624

126556 CrazyBamboolord the Warrior (level 17, 0/122 HPs)
             Began as a Djinni Earth Elementalist on Sept 14, 2023.
             Was the Champion of Makhleb.
             Killed by an exploding ball lightning (19 damage)
             ... on level 1 of the Snake Pit.
             The game lasted 01:26:18 (24687 turns).

CrazyBamboolord the Warrior (DjEE)                 Turns: 24687, Time: 01:26:19

Health: 0/122      AC: 18    Str:  8    XL:     17   Next: 53%
Gold:   1452       EV: 15    Int: 27    God:    Makhleb [******] SH:  0 Dex: 16

rFire   + + .        a - +7 short sword (speed)
rCold   x . .        (no shield)
rNeg    . . .        m - +0 ring mail "Xyez" {Regen+}
rPois   ∞            h - +2 helmet
rElec   .            L - +2 cloak
rCorr   +            P - +2 pair of gloves
SInv    .            (boots unavailable)
Will    ++...        K - amulet of Bosura {Regen+ rCorr Slay+3}
Stlth   ++++         F - ring of Capriva {Ice Will+ Str+3 Int+4 Stlth+}
HPRegen 2.00/turn    i - ring of protection from fire
MPRegen 0.00/turn

%: infuse magic (-1 HP)
@: flying, very slightly contaminated, slowed, very slow
A: sickness immunity, fire resistance 2, cold vulnerability 2, float, innate
caster, HP casting, extra vitality 1, claws 1, iridescent scales 2, frail 1,
weak 1, inability to drink after injury 2
a: Renounce Religion, Minor Destruction, Lesser Servant of Makhleb, Major
Destruction, Greater Servant of Makhleb


You were on level 1 of the Snake Pit.
You worshipped Makhleb.
Makhleb was exalted by your worship.
You visited 5 branches of the dungeon, and saw 24 of its levels.
You also visited: Ice Cave and Volcano.

You collected 2209 gold pieces.
You spent 757 gold pieces at shops.

Inventory:

Hand Weapons
 a - a +7 short sword of speed (weapon)
 b - the +5 dagger of Distant Shores {protect, +Blink Str+3 SInv Stlth-}
   (You bought it in a shop on level 2 of the Orcish Mines)

   Str+3:     It affects your strength (+3).
   SInv:      It lets you see invisible.
   +Blink:    It lets you blink.
   Stlth-:    It makes you less stealthy.
 B - a +1 short sword of holy wrath
Missiles
 J - 2 throwing nets
Armour
 h - a +2 helmet (worn)
 m - the +0 ring mail "Xyez" (worn) {Regen+}
   (You found it on level 7 of the Dungeon)

   Regen+:    It increases your rate of health regeneration.
 x - the +0 cloak of Midsummer {+Blink Int+2}
   (You found it on level 5 of the Lair of Beasts)

   Int+2:     It affects your intelligence (+2).
   +Blink:    It lets you blink.
 D - the +0 leather armour "Wiku" {rElec rF+}
   (You found it on level 7 of the Dungeon)

   rF+:       It protects you from fire.
   rElec:     It insulates you from electricity.
 I - +0 steam dragon scales
 L - a +2 cloak (worn)
 P - a +2 pair of gloves (worn)
Magical Staves
 u - the staff "Dinlyli" {rPois MP-9 Dex+5 Poison}
   (You found it on level 7 of the Dungeon)

   [staff of poison]

   Base accuracy: +5 Base damage: 5 Base attack delay: 1.2 This weapon's minimum
   attack delay (0.6) is reached at skill level 12.
   Dex+5:     It affects your dexterity (+5).
   rPois:     It protects you from poison MP-9: It affects your magic capacity
   (-9).
   Poison:    It increases the power of your Poison spells.
   It falls into the 'Staves' category.
   It is a one-handed weapon.
Jewellery
 i - a ring of protection from fire (right hand)
 z - a ring of protection from cold
 F - the ring of Capriva (left hand) {Ice Will+ Str+3 Int+4 Stlth+}
   (You found it on level 8 of the Dungeon)

   [ring of ice]

   Ice:       It enhances your ice magic.
   Str+3:     It affects your strength (+3).
   Int+4:     It affects your intelligence (+4).
   rF-:       It makes you vulnerable to fire.
   rC+:       It protects you from cold.
   Will+:     It increases your willpower.
   Stlth+:    It makes you more stealthy.
 K - the amulet of Bosura (around neck) {Regen+ rCorr Slay+3}
   (You found it on level 9 of the Dungeon)

   [amulet of regeneration]

   Slay+3:    It affects your accuracy & damage with ranged weapons and melee
   (+3).
   Regen+:    It increases your rate of health regeneration.
   rCorr:     It protects you from acid and corrosion.
 R - a +4 ring of protection
Wands
 c - a wand of digging (3)
 l - a wand of flame (82)
 s - a wand of light (15)
 v - a wand of charming (11)
 A - a wand of roots (12)
 O - a wand of mindburst (17)
 W - a wand of polymorph (9)
Scrolls
 d - 6 scrolls of teleportation
 e - 4 scrolls of immolation
 g - 5 scrolls of fog
 j - a scroll of blinking
 r - a scroll of noise
 y - 4 scrolls of enchant armour
 C - a scroll of poison {unknown}
 G - 4 scrolls of revelation
 H - a scroll of brand weapon {unknown}
 M - 2 scrolls of torment
 Q - 3 scrolls of vulnerability
 U - a scroll of butterflies {unknown}
Potions
 f - 4 potions of curing
 k - 4 potions of lignification
 o - 3 potions of enlightenment
 p - a potion of might
 q - 3 potions of haste
 t - 7 potions of brilliance
 w - a potion of berserk rage {unknown}
 E - 3 potions of attraction
 N - a potion of cancellation {unknown}
 S - 5 potions of invisibility
 V - a potion of heal wounds
 X - a potion of ambrosia {unknown}


   Skills:
 - Level 17.0 Fighting
 + Level 1.9 Armour
 * Level 11.5 Dodging
 - Level 8.0 Stealth
 * Level 16.2 Spellcasting
 * Level 16.2 Conjurations
 * Level 16.2 Hexes
   Level 0.0 Charms
 * Level 16.2 Summonings
 * Level 16.2 Necromancy
 * Level 16.2 Translocations
 * Level 16.2 Transmutations
 * Level 16.2 Fire Magic
 * Level 16.2 Ice Magic
 * Level 16.2 Air Magic
 * Level 16.2 Earth Magic
 * Level 16.2 Poison Magic


You knew the following spells:

 Your Spells              Type           Power      Damage    Failure   Level
a - Sandblast             Erth           100%       2d20      0%          1
b - Passwall              Tmut/Erth      69%        N/A       0%          2
c - Stone Arrow           Conj/Erth      100%       3d13      1%          3
d - Petrify               Tmut/Erth      83%        N/A       1%          4
e - Summon Small Mammal   Summ           100%       N/A       0%          1
f - Scorch                Fire           100%       2d9       0%          2
g - Mephitic Cloud        Conj/Pois/Air  83%        N/A       1%          3
h - Call Canine Familiar  Summ           83%        N/A       1%          3
i - Anguish               Hex/Necr       41%        N/A       1%          4
j - Irradiate             Conj/Tmut      41%        3d25      1%          5
k - Conjure Ball Lightni  Conj/Air       41%        3x3d13    1%          6
l - Enfeeble              Hex            41%        N/A       7%          7
Your spell library was empty.

Dungeon Overview and Level Annotations

Branches:
Dungeon (15/15)            Temple (1/1) D:4            Lair (5/5) D:11
  Swamp (0/4) Lair:2        Snake (1/4) Lair:2        Slime (0/5) Lair:4
    Orc (2/2) D:11            Elf (0/3) Orc:2        Vaults (0/5) D:14
 Depths (0/4) D:15          IceCv (visited)         Volcano (visited)

Altars:
Ashenzari
Cheibriados
Dithmenos
Elyvilon
Fedhas
Gozag
Hepliaklqana
Makhleb
Nemelex Xobeh
Okawaru
Qazlal
Ru
Trog
Uskayaw
Wu Jian
Xom
Yredelemnul
Zin
The Shining One
Jiyva

Shops:
D:14 [   Orc:2 *([[(   Snake:1 (

Portals:
Trove: D:13 (give +7 demon trident)

Annotations:
D:5 1 runed translucent door, Opifex's ghost, novice GrMo
D:9 2 transporters, confidenceinterval's ghost, journeyman TrWr
D:14 3 runed translucent doors, Foyclucs's ghost, journeyman DsAr; Tinttamiau's ghost, journeyman TrMo


Innate Abilities, Weirdness & Mutations

You are immune to sickness and miasma.
You are immune to poison.
Your flesh is very heat resistant. (rF++)
You are very vulnerable to cold. (rC--)
You float through the air rather than walking.
You learn spells naturally, not from books.
Your magical power is your life essence.
You have superior vitality. (+4 MHP)
You have sharp fingernails.
You are mostly covered in iridescent scales. (AC +4)
You are frail. (-10% HP)
You are weak. (Str -2)
You sometimes lose the ability to drink potions when taking damage.


Message History

The guardian serpent hits you but does no damage.
The naga hits you from afar with a +0 glaive!
The naga is wracked by anguish!
The naga dies!
Makhleb accepts your kill.
The guardian serpent is lost in a daze.
The salamander hits your ball lightning with a +1 halberd!
Your ball lightning explodes!
The blast of lightning engulfs the salamander!
The salamander is moderately wounded.
The blast of lightning engulfs the guardian serpent!!
The guardian serpent is severely wounded.
The blast of lightning engulfs the naga!!
You kill the naga!
Makhleb accepts your kill.
You feel better.
The blast of lightning engulfs your ball lightning.
Your ball lightning completely resists.
The blast of lightning engulfs you!!
The blast of lightning engulfs the shock serpent.
The shock serpent completely resists.
The salamander is wracked by anguish!
Unknown command.
Unknown command.
The guardian serpent coils itself and waves its upper body at you.
The bolt of poison hits you but does no damage.
You resist.
Your ball lightning explodes!
The blast of lightning engulfs the salamander!!!
The salamander is almost dead.
The blast of lightning engulfs the guardian serpent!!
You kill the guardian serpent!
Makhleb accepts your kill. The blast of lightning engulfs you!!
* * * LOW HITPOINT WARNING * * *
The blast of lightning engulfs the shock serpent.
The shock serpent completely resists.
Your ball lightning explodes!
The blast of lightning engulfs the shock serpent.
The shock serpent completely resists.
The blast of lightning engulfs you!!
You die...

..^... ......
......#####
########.......N...#
#..................##
.....[...S.....N)...##
......... #†N.#.#
.#####..# #S...# ####
#######@..#.# ...#
#.....§§..##.# ...#
#.####.....#.# ..##
###....## ###
##.##.### ###..#..#
##..#...#.
#.)...##...# #......#
...


You could see a naga warrior, a salamander (strong, anguished), a shock serpent
and a naga (strong).

Vanquished Creatures
  Jorgrun (Orc:1)
  Rupert (Lair:5)
  Kirke (Lair:3)
  A nagaraja (Snake:1)
  A frost giant (IceCv)
  An orc warlord (Orc:2)
  Josephine (Lair:5)
  2 ogre magi
  A fire dragon (Volcano)
  5 hydras
  2 boulder beetles (D:12)
  5 centaur warriors
  3 death knights (D:14)
  7 two-headed ogres
  16 death yaks
  Urug (Orc:1)
  A tengu warrior (D:14)
  A naga warrior (Snake:1)
  3 naga sharpshooters (Snake:1)
  A deep elf knight (D:14)
  4 sun demons (Volcano)
  Sonja (D:11)
  2 skeletal warriors
  A naga ritualist (Snake:1)
  A salamander mystic (Snake:1)
  2 skysharks
  A bog body (Lair:2)
  4 orc knights
  A wizard (D:15)
  An orange crystal statue (D:15)
  A mana viper (Snake:1)
  2 phantasmal warriors (D:14)
  4 deep elf pyromancers
  4 oklob plants
  A wolf spider (Lair:5)
  6 orc sorcerers
  A necromancer (D:15)
  A manticore (D:12)
  12 elephants
  A cyclops (D:14)
  2 guardian serpents
  Joseph (D:10)
  13 black mambas
  3 naga magi (Snake:1)
  2 ice statues
  2 torpor snails
  A smoke demon (Volcano)
  A gargoyle (D:12)
  2 unseen horrors
  Jeremiah (D:6)
  4 yaktaurs (D:14)
  28 cane toads
  9 rime drakes
  7 centaur skeletons
  A kobold demonologist (D:11)
  9 komodo dragons
  3 freezing wraiths (D:14)
  An efreet (D:14)
  2 trolls
  5 polar bears
  Prince Ribbit (D:5)
  3 hornets (Lair:5)
  10 blink frogs
  Sigmund (D:2)
  9 slime creatures
  A vampire (D:9)
  15 wyverns
  4 wraiths (Lair:5)
  2 hogs (Lair:3)
  4 basilisks
  6 water elementals
  67 yaks
  14 vampire mosquitoes
  Edmund (D:6)
  Menkaure (D:6)
  6 steam dragons
  A redback (Lair:5)
  A warg (Orc:1)
  3 nagas (Snake:1)
  2 acid dragons
  21 water moccasins
  A hell hound (Volcano)
  38 orc warriors
  2 ice beasts
  3 sky beasts
  16 wolves
  12 centaurs
  10 ogres
  2 phantoms (D:5)
  3 gnoll sergeants
  5 scorpions
  14 bullfrogs
  10 killer bees
  2 howler monkeys (D:9)
  A vampire bat (D:5)
  5 electric eels
  2 hounds
  A jelly (D:5)
  20 orc priests
  Jessica (D:2)
  A sleepcap (D:4)
  2 iguanas
  24 orc wizards
  Terence (D:3)
  A human simulacrum (D:10)
  Robin (D:3)
  18 gnolls
  7 adders
  2 ufetubi (D:6)
  A worm (D:4)
  4 dart slugs (D:1)
  94 orcs
  7 ball pythons
  4 bats
  3 bat skeletons (D:5)
  2 bat zombies (D:5)
  6 endoplasms
  A giant cockroach (D:2)
  8 hobgoblins
  4 jackals (D:2)
  4 quokkas
  3 training dummies (Snake:1)
  3 frilled lizards
  23 goblins
  5 kobolds
  6 rats
  A butterfly (D:8)
760 creatures vanquished.

Vanquished Creatures (collateral kills)
  A cane toad (Lair:2)
  4 yaks
  A wolf (IceCv)
  2 orcs
8 creatures vanquished.

Vanquished Creatures (others)
  Louise (D:14)
  Snorg (Orc:2)
  A hydra (Lair:5)
  2 two-headed ogres
  A shock serpent (Snake:1)
  2 elephants
  2 komodo dragons
  A wraith (Lair:5)
  A wyvern (Lair:5)
  A shadow (D:10)
  4 yaks
  2 humans (Lair:3)
  Grum (D:10)
  2 nagas (Snake:1)
  An orc warrior (Orc:2)
  A wolf (IceCv)
  5 centaurs (D:11)
  2 electric eels
  An orc priest (Orc:1)
  A human simulacrum (D:10)
  An orc (D:11)
  62 ball lightnings
96 creatures vanquished.

Grand Total: 864 creatures vanquished

Notes
Turn   | Place    | Note
-------+----------+-------------------------------------------
     0 | D:1      | CrazyBamboolord the Djinni Earth Elementalist began the
                  | quest for the Orb.
     0 | D:1      | CrazyBamboolord set off with the following spells
                  | memorised: Sandblast, Passwall, Stone Arrow, Petrify.
     0 | D:1      | Reached XP level 1. HP: 15/15 MP: 0/0
    90 | D:1      | Reached XP level 2. HP: 18/22 MP: 0/0
   122 | D:1      | Found a faded altar of an unknown god.
   309 | D:1      | Reached skill level 1 in Fighting
   397 | D:1      | Reached XP level 3. HP: 26/27 MP: 0/0
   397 | D:1      | Learned a level 1 spell: Summon Small Mammal
   735 | D:2      | Noticed Sigmund
   736 | D:2      | Noticed Jessica
   870 | D:2      | Killed Sigmund
   871 | D:2      | Reached skill level 3 in Fighting
   871 | D:2      | Reached XP level 4. HP: 23/35 MP: 0/0
   871 | D:2      | Reached XP level 5. HP: 27/40 MP: 0/0
   871 | D:2      | Learned a level 2 spell: Scorch
   871 | D:2      | Reached XP level 6. HP: 31/46 MP: 0/0
  1128 | D:2      | Killed Jessica
  1957 | D:3      | Noticed Robin
  1965 | D:3      | Killed Robin
  2206 | D:3      | Reached XP level 7. HP: 51/51 MP: 0/0
  2206 | D:3      | Learned a level 3 spell: Mephitic Cloud
  2294 | D:3      | Noticed Terence
  2303 | D:3      | Killed Terence
  2783 | D:4      | Found a staircase to the Ecumenical Temple.
  2810 | Temple   | Entered the Ecumenical Temple
  2815 | Temple   | Became a worshipper of Makhleb the Destroyer
  2846 | D:4      | Reached skill level 4 in Fighting
  3110 | D:4      | Found a blossoming altar of Fedhas.
  3135 | D:4      | Found an ornate altar of the Wu Jian Council.
  3719 | D:5      | Entered Level 5 of the Dungeon
  3969 | D:5      | Reached XP level 8. HP: 53/58 MP: 0/0
  4063 | D:5      | Reached skill level 5 in Fighting
  4606 | D:5      | Noticed Prince Ribbit
  4613 | D:5      | Killed Prince Ribbit
  4614 | D:5      | Reached skill level 5 in Dodging
  4746 | D:5      | Found a runed translucent door.
  4747 | D:5      | Noticed Opifex's ghost (novice GrMo)
  4747 | D:5      | Noticed a wraith
  4770 | D:5      | Found a snail-covered altar of Cheibriados.
  4859 | D:5      | Reached * piety under Makhleb
  5033 | D:6      | Reached skill level 6 in Fighting
  5106 | D:6      | Reached skill level 5 in Spellcasting
  5106 | D:6      | Reached skill level 5 in Conjurations
  5106 | D:6      | Reached skill level 5 in Hexes
  5106 | D:6      | Reached skill level 5 in Summonings
  5106 | D:6      | Reached skill level 5 in Necromancy
  5106 | D:6      | Reached skill level 5 in Translocations
  5106 | D:6      | Reached skill level 5 in Transmutations
  5106 | D:6      | Reached skill level 5 in Fire Magic
  5106 | D:6      | Reached skill level 5 in Ice Magic
  5106 | D:6      | Reached skill level 5 in Air Magic
  5106 | D:6      | Reached skill level 5 in Earth Magic
  5106 | D:6      | Reached skill level 5 in Poison Magic
  5168 | D:6      | Noticed Jeremiah
  5170 | D:6      | Reached XP level 9. HP: 65/66 MP: 0/0
  5170 | D:6      | Learned a level 3 spell: Call Canine Familiar
  5209 | D:6      | Killed Jeremiah
  5511 | D:6      | Found a sacrificial altar of Ru.
  5518 | D:6      | Noticed Menkaure
  5521 | D:6      | Noticed Edmund
  5523 | D:6      | Killed Menkaure
  5536 | D:6      | Killed Edmund
  5537 | D:6      | Reached skill level 7 in Fighting
  6009 | D:7      | Identified the +0 ring mail "Xyez" {Regen+}
  6049 | D:7      | Identified the +0 leather armour "Wiku" {rElec rF+}
  6090 | D:7      | Identified the staff "Dinlyli" {rPois MP-9 Dex+5 Poison}
  6236 | D:7      | Reached skill level 5 in Stealth
  6904 | D:8      | Reached XP level 10. HP: 72/76 MP: 0/0
  7042 | D:8      | Reached skill level 8 in Fighting
  7268 | D:8      | Found a shimmering altar of Xom.
  7769 | D:8      | Reached skill level 9 in Fighting
  7977 | D:8      | Reached ** piety under Makhleb
  7984 | D:8      | Identified the ring of Capriva {Ice Will+ Str+3 Int+4
                  | Stlth+}
  8569 | D:9      | Reached XP level 11. HP: 78/84 MP: 0/0
  8569 | D:9      | Learned a level 4 spell: Anguish
  8798 | D:9      | Reached skill level 10 in Fighting
  9103 | D:9      | Found a transporter.
  9110 | D:9      | Found a transporter.
  9110 | D:9      | Noticed a tengu warrior
  9111 | D:9      | Noticed a two-headed ogre
  9504 | D:9      | Found a shadowy altar of Dithmenos.
  9607 | D:9      | Noticed a moth of wrath
  9608 | D:9      | Noticed confidenceinterval's ghost (journeyman TrWr)
  9609 | D:9      | Noticed a two-headed ogre
  9611 | D:9      | Found a bloodstained altar of Trog.
  9622 | D:9      | Noticed a two-headed ogre
  9630 | D:9      | Identified the amulet of Bosura {Regen+ rCorr Slay+3}
  9773 | D:10     | Entered Level 10 of the Dungeon
  9855 | D:10     | Found a sparkling altar of Nemelex Xobeh.
  9922 | D:10     | Found a glowing golden altar of the Shining One.
 10239 | D:10     | Noticed Grum
 10243 | D:10     | Reached *** piety under Makhleb
 10250 | D:10     | Killed Grum
 10315 | D:10     | Noticed Joseph
 10325 | D:10     | Killed Joseph
 10755 | D:11     | Noticed a two-headed ogre
 10760 | D:11     | Killed a two-headed ogre
 10761 | D:11     | Reached skill level 11 in Fighting
 10849 | D:11     | Noticed a two-headed ogre
 11124 | D:10     | Killed a two-headed ogre
 11267 | D:11     | Noticed an orc knight
 11288 | D:11     | Killed an orc knight
 11289 | D:11     | Reached XP level 12. HP: 90/94 MP: 0/0
 11481 | D:11     | Reached **** piety under Makhleb
 11509 | D:11     | Found a staircase to the Orcish Mines.
 11592 | D:11     | Noticed Sonja
 11599 | D:11     | Killed Sonja
 11696 | D:11     | HP: 3/94 [centaur/arrow (2)]
 12023 | D:11     | Found a staircase to the Lair.
 12035 | Lair:1   | Entered Level 1 of the Lair of Beasts
 12087 | Lair:1   | Reached skill level 10 in Spellcasting
 12087 | Lair:1   | Reached skill level 10 in Conjurations
 12087 | Lair:1   | Reached skill level 10 in Hexes
 12087 | Lair:1   | Reached skill level 10 in Summonings
 12087 | Lair:1   | Reached skill level 10 in Necromancy
 12087 | Lair:1   | Reached skill level 10 in Translocations
 12087 | Lair:1   | Reached skill level 10 in Transmutations
 12087 | Lair:1   | Reached skill level 10 in Fire Magic
 12087 | Lair:1   | Reached skill level 10 in Ice Magic
 12087 | Lair:1   | Reached skill level 10 in Air Magic
 12087 | Lair:1   | Reached skill level 10 in Earth Magic
 12087 | Lair:1   | Reached skill level 10 in Poison Magic
 12490 | Lair:1   | Identified the +0 ring mail "Tuifarphomp" {MP+9 Int+5
                  | Stlth-}
 12859 | Lair:2   | You are sucked into a shaft and drop 1 floor!
 12872 | Lair:3   | Reached XP level 13. HP: 60/99 MP: 0/0
 12872 | Lair:3   | Learned a level 5 spell: Irradiate
 12899 | Lair:3   | Noticed Kirke
 12908 | Lair:3   | Killed Kirke
 13067 | Lair:2   | Gained mutation: You are dopey. (Int -2) [mutagenic glow]
 13082 | Lair:2   | Reached ***** piety under Makhleb
 13377 | Lair:2   | Found a staircase to the Swamp.
 13549 | Lair:2   | Noticed an eight-headed hydra
 13554 | Lair:2   | Killed an eight-headed hydra
 13855 | Lair:2   | Found a staircase to the Snake Pit.
 13977 | Lair:2   | Reached skill level 10 in Dodging
 13983 | Lair:2   | Noticed a six-headed hydra
 14002 | Lair:2   | Gained mutation: Armour fits poorly on your strangely
                  | shaped body. [mutagenic glow]
 14088 | Lair:2   | Killed a six-headed hydra
 14531 | Lair:3   | Reached XP level 14. HP: 98/106 MP: 0/0
 14561 | Lair:3   | Reached skill level 12 in Fighting
 14788 | Lair:3   | Gained mutation: You occasionally shout uncontrollably at
                  | your foes. [mutagenic glow]
 15769 | Lair:4   | Found a viscous altar of Jiyva.
 16176 | Lair:4   | Found a staircase to the Slime Pits.
 16292 | Lair:5   | Entered Level 5 of the Lair of Beasts
 16362 | Lair:5   | Reached skill level 13 in Fighting
 16447 | Lair:5   | Identified the +0 cloak of Midsummer {+Blink Int+2}
 16629 | Lair:5   | Reached XP level 15. HP: 87/115 MP: 0/0
 16629 | Lair:5   | Learned a level 6 spell: Conjure Ball Lightning
 16675 | Lair:5   | Noticed Rupert
 16680 | Lair:5   | Reached ****** piety under Makhleb
 16685 | Lair:5   | Killed Rupert
 16772 | Lair:5   | Gained mutation: You sometimes lose your temper in combat.
                  | [mutagenic glow]
 16780 | Lair:5   | Gained mutation: You occasionally lose the ability to drink
                  | potions when taking damage. [mutagenic glow]
 16788 | Lair:5   | Gained mutation: You have hidden genetic defects.
                  | [mutagenic glow]
 16830 | Lair:5   | Noticed Josephine
 16832 | Lair:5   | HP: 8/174 [spore (8)]
 16834 | Lair:5   | Killed Josephine
 16880 | Lair:5   | Lost mutation: Armour fits poorly on your strangely shaped
                  | body. [potion of mutation]
 16880 | Lair:5   | Lost mutation: You sometimes lose your temper in combat.
                  | [potion of mutation]
 16880 | Lair:5   | Gained mutation: You are weak. (Str -2) [potion of
                  | mutation]
 16880 | Lair:5   | Gained mutation: You are partially covered in iridescent
                  | scales. (AC +2) [potion of mutation]
 17345 | Lair:5   | Reached skill level 14 in Fighting
 17584 | Lair:5   | Gained mutation: You sometimes lose the ability to drink
                  | potions when taking damage. [hidden defects]
 18411 | D:12     | Gained mutation: You are frail. (-10% HP) [hidden defects]
 18411 | D:12     | Lost mutation: You have hidden genetic defects. [hidden
                  | defects expressed]
 18752 | Orc:1    | Entered Level 1 of the Orcish Mines
 18935 | Orc:1    | You are sucked into a shaft and drop 1 floor!
 18935 | Orc:2    | Entered Level 2 of the Orcish Mines
 18984 | Orc:2    | Found a dark tunnel.
 19000 | Volcano  | Entered a volcano
 19070 | Volcano  | Reached XP level 16. HP: 62/111 MP: 0/0
 19164 | Volcano  | Reached skill level 15 in Spellcasting
 19164 | Volcano  | Reached skill level 15 in Conjurations
 19164 | Volcano  | Reached skill level 15 in Hexes
 19164 | Volcano  | Reached skill level 15 in Summonings
 19164 | Volcano  | Reached skill level 15 in Necromancy
 19164 | Volcano  | Reached skill level 15 in Translocations
 19164 | Volcano  | Reached skill level 15 in Transmutations
 19164 | Volcano  | Reached skill level 15 in Fire Magic
 19164 | Volcano  | Reached skill level 15 in Ice Magic
 19164 | Volcano  | Reached skill level 15 in Air Magic
 19164 | Volcano  | Reached skill level 15 in Earth Magic
 19164 | Volcano  | Reached skill level 15 in Poison Magic
 19741 | Orc:2    | Found Ykacir's Antique Armour Shop.
 19857 | Orc:1    | Noticed Urug
 19864 | Orc:1    | Killed Urug
 19874 | Orc:1    | Noticed Jorgrun
 19885 | Orc:1    | Killed Jorgrun
 19886 | Orc:1    | Reached skill level 15 in Fighting
 20029 | Orc:2    | Found a staircase to the Elven Halls.
 20095 | Orc:2    | Bought a pair of embroidered gloves for 127 gold pieces
 20266 | Orc:2    | Found Patotoll's Antique Weapon Emporium.
 20271 | Orc:2    | Bought a crystal dagger for 217 gold pieces
 20271 | Orc:2    | Identified the +5 dagger of Distant Shores {protect, +Blink
                  | Str+3 SInv Stlth-} (You bought it in a shop on level 2 of
                  | the Orcish Mines)
 20318 | Orc:2    | Noticed Snorg
 20321 | Orc:2    | Found Siyplase's General Store.
 20328 | Orc:2    | Killed Snorg
 20392 | Orc:2    | Bought a potion of curing for 39 gold pieces
 20600 | Orc:2    | Found Ibutzu's Antique Armour Shoppe.
 20604 | Orc:2    | Found Pounen's Antique Weapon Emporium.
 20616 | Orc:2    | Bought a glowing cloak for 165 gold pieces
 20616 | Orc:2    | Bought a smoking helmet for 209 gold pieces
 20616 | Orc:2    | Identified the +0 helmet of the Ego {rPois Will+} (You
                  | bought it in a shop on level 2 of the Orcish Mines)
 20875 | D:13     | Found a portal to a secret trove of treasure.
 20912 | D:13     | Found a frozen archway.
 20917 | IceCv    | Entered an ice cave
 21108 | IceCv    | Noticed a frost giant
 21127 | IceCv    | Killed a frost giant
 21999 | D:14     | Found a broken altar of Ashenzari.
 22079 | D:14     | Noticed Louise
 22100 | D:14     | Killed Louise
 22101 | D:14     | Reached skill level 16 in Fighting
 22310 | D:14     | Found Uvvithil's Armour Boutique.
 22420 | D:14     | Found a runed translucent gate.
 22423 | D:14     | Noticed Tinttamiau's ghost (journeyman TrMo)
 22425 | D:14     | Found a runed translucent gate.
 22425 | D:14     | Found a runed translucent gate.
 22426 | D:14     | Noticed a lich
 22426 | D:14     | Noticed Foyclucs's ghost (journeyman DsAr)
 22426 | D:14     | Noticed a lich
 22427 | D:14     | Noticed a lich
 22458 | D:14     | Reached XP level 17. HP: 85/120 MP: 0/0
 22458 | D:14     | Learned a level 7 spell: Enfeeble
 23000 | D:14     | Found a gate to the Vaults.
 23127 | D:15     | Entered Level 15 of the Dungeon
 23567 | D:15     | Found an opulent altar of Gozag.
 23624 | D:15     | Found a staircase to the Depths.
 23818 | D:15     | Identified the +2 robe of Vehumet, Enchanting {Fly rN+
                  | Will- rCorr}
 24131 | Snake:1  | Entered Level 1 of the Snake Pit
 24257 | Snake:1  | HP: 6/121 [naga sharpshooter/bolt (16)]
 24272 | Snake:1  | Reached skill level 17 in Fighting
 24274 | Snake:1  | Reached skill level 1 in Armour
 24319 | Snake:1  | Lost mutation: You are dopey. (Int -2) [potion of mutation]
 24319 | Snake:1  | Lost mutation: You occasionally shout uncontrollably at
                  | your foes. [potion of mutation]
 24319 | Snake:1  | Gained mutation: You are very vulnerable to cold. (rC--)
                  | [potion of mutation]
 24319 | Snake:1  | Gained mutation: You are mostly covered in iridescent
                  | scales. (AC +4) [potion of mutation]
 24319 | Snake:1  | Gained mutation: You have sharp fingernails. [potion of
                  | mutation]
 24642 | Snake:1  | Found Ereonele's Firing Range.
 24687 | Snake:1  | Killed by an exploding ball lightning

Illustrated notes

Levels and vault maps discovered:
D:1:      lightli_arrival_statuegarden, layout_basic,
          hellmonk_ecumenical_altar_blasted
D:2:      minmay_wonky_spiral, layout_basic, guppyfry_early_lair_pool,
          uniq_sigmund, uniq_jessica
D:3:      cheibrodos_greedy_goblins, layout_basic, uniq_terence, uniq_robin
D:4:      dreamdust_elfheim, layout_loops_ring, lemuel_doored_altar,
          nzn_wu_jian_contemplation, minmay_temple_entry_stoned_glass,
          minmay_hedge_maze, hangedman_decor_opposing, bh_walls_and_bars
D:5:      layout_loops_corners, kennysheep_vampire_church, cheibriados_altar_1,
          ebering_ghost_inner_flame, uniq_prince_ribbit1
D:6:      layout_basic, nicolae_ru_sacrificial_ziggurat, uniq_menkaure,
          uniq_edmund, uniq_jeremiah
D:7:      layout_layer_cave, minivault_10, nicolae_elevator_lobby_plus
D:8:      layout_basic, led_sif_pool, xom_butterflies, minmay_small_thing
D:9:      layout_small_grid, nicolae_dithmenos_the_darkroom,
          gammafunk_ghost_wrathful_warriors, minmay_starry_boxes
D:10:     layout_small_grid, lemuel_coloured_pillars_altar,
          overflow_temple_1_default, bh_circular_ruins, uniq_joseph, uniq_grum
D:11:     layout_loops_ring, lair_entry_dummy, erik_orc_2, glass_columns_b,
          vehumet_altar_wand_db, uniq_sonja
D:12:     layout_loops_corners, kennysheep_kite_vault
D:13:     layout_long_grid, portal_ice_cave_entry_pillars_1, enter_trove_0
D:14:     layout_loops_ring, hangedman_vaults_entry_quadrant_bands,
          gammafunk_ghost_crypt, chequers_serial_rivers_micro_a,
          nicolae_stop_n_shop_1, evilmike_ruin_ashenzari, uniq_louise
D:15:     grunt_enter_depths_magical_seal, layout_basic,
          nicolae_gozag_cash_rules_everything_around_me, minmay_more_statues
Temple:   hellmonk_temple_two_chambers
Lair:1:   layout_long_grid, small_statue_intersection, serial_bayou_ford_a
Lair:2:   nzn_winding_woodlands_stair_cross [nzn_winding_woodlands_5x15_default,
          nzn_winding_woodlands_center_diamonds,
          nzn_winding_woodlands_5x15_sidewinder,
          nzn_winding_woodlands_5x5_cross, nzn_winding_woodlands_hourglass,
          nzn_winding_woodlands_5x15_pool, nzn_winding_woodlands_center_lodge,
          nzn_winding_woodlands_5x15_pockets], layout_layer_cave,
          skrybe_swamp_entry_bodies, dummy_snake_entry
Lair:3:   layout_gridlike, uniq_kirke
Lair:4:   layout_cave_pods, minmay_slime_entry_oklob_enclosed, minivault_11,
          serial_bayou_shore_a, grunt_megastairs_4, serial_bayou_shore_b
Lair:5:   hangedman_lair_tendril_chambers, layout_regular_city,
          infiniplex_staircase_pool, uniq_rupert, uniq_josephine
Snake:1:  layout_onion_interference, nicolae_snake_slithery_hallway,
          nicolae_shop_firing_range
Orc:1:    layout_caves, basic_altar, uniq_urug, uniq_jorgrun
Orc:2:    grunt_orc_community_town_hall, layout_caves,
          grunt_orc_community_big_house_2, grunt_orc_community_big_house_1,
          grunt_orc_community_house_1, grunt_orc_community_house_2,
          grunt_orc_community_house_3, grunt_orc_community_house_1,
          grunt_orc_community_house_1, grunt_orc_community_house_3,
          serial_shops, shop, nicolae_volcano_entry_two_sided, basic_altar,
          uniq_snorg

Skill      XL: |  1  2  3  4  5  6  7  8  9 10 11 12 13 14 15 16 17 |
---------------+----------------------------------------------------+-----
Spellcasting   | 4 5 7 8 11 12 13 14 15 16 | 16.2
Conjurations   | 4 5 7 8 11 12 13 14 15 16 | 16.2
Hexes          | 4 5 7 8 11 12 13 14 15 16 | 16.2
Summonings     | 4 5 7 8 11 12 13 14 15 16 | 16.2
Necromancy     | 4 5 7 8 11 12 13 14 15 16 | 16.2
Translocations | 4 5 7 8 11 12 13 14 15 16 | 16.2
Transmutations | 4 5 7 8 11 12 13 14 15 16 | 16.2
Fire Magic     | 4 5 7 8 11 12 13 14 15 16 | 16.2
Ice Magic      | 4 5 7 8 11 12 13 14 15 16 | 16.2
Air Magic      | 4 5 7 8 11 12 13 14 15 16 | 16.2
Earth Magic    | 4 5 7 8 11 12 13 14 15 16 | 16.2
Poison Magic   | 4 5 7 8 11 12 13 14 15 16 | 16.2
Fighting       | 1 3 4 6 7 9 11 13 14 16 17 | 17.0
Dodging        | 3 4 5 6 7 10 11 | 11.5
Stealth        | 2 3 4 5 6 7 8 |  8.0
Armour         | 1 |  1.9

Action                     |  1- 3 |  4- 6 |  7- 9 | 10-12 | 13-15 | 16-18 || total
---------------------------+-------+-------+-------+-------+-------+-------++-------
  Melee: Dagger            |       |     2 |     1 |       |       |       ||     3
         Short sword       |       |       |    16 |    21 |    60 |    11 ||   108
         Punch             |       |       |       |     1 |       |       ||     1
   Cast: Sandblast         |    35 |    67 |   171 |     2 |     1 |       ||   276
         Stone Arrow       |     2 |       |     4 |   258 |   443 |   482 ||  1189
         Summon Small Mamm |     1 |       |     3 |     2 |       |       ||     6
         Scorch            |       |       |    14 |     2 |     3 |     4 ||    23
         Call Canine Famil |       |       |     7 |    12 |     2 |     4 ||    25
         Petrify           |       |       |     2 |     1 |     9 |       ||    12
         Mephitic Cloud    |       |       |     1 |    35 |     2 |    27 ||    65
         Passwall          |       |       |       |     1 |       |       ||     1
         Anguish           |       |       |       |    28 |    54 |    25 ||   107
         Irradiate         |       |       |       |       |    52 |    22 ||    74
         Conjure Ball Ligh |       |       |       |       |    18 |     7 ||    25
         Enfeeble          |       |       |       |       |       |     3 ||     3
  Evoke: Wand              |       |       |       |       |       |     3 ||     3
    Use: Scroll            |       |       |     8 |     8 |     7 |    10 ||    33
         Potion            |       |       |       |     7 |     7 |     3 ||    17
   Stab: Petrified         |       |       |     6 |     1 |    14 |       ||    21
         Sleeping          |       |       |     1 |       |     2 |       ||     3
         Petrifying        |       |       |       |     1 |     3 |       ||     4
 Armour: Robe              |    15 |    21 |    53 |       |       |       ||    89
         Leather armour    |       |       |    13 |   165 |       |       ||   178
         Ring mail         |       |       |       |     4 |   325 |   304 ||   633
         Skin              |       |       |       |     3 |     5 |       ||     8
  Dodge: Dodged            |     7 |    25 |    86 |   133 |   243 |   221 ||   715

Table legend: (Time is in decaauts)
 A = Elapsed time spent in this place.
 B = Non-inter-level travel time spent in this place.
 C = Inter-level travel time spent in this place.
 D = Time resting spent in this place.
 E = Time spent auto-exploring this place.
 F = Levels seen in this place.
 G = Mean time per level.
                   A        B        C        D        E       F      G
               +--------+--------+--------+--------+--------+-----+--------+
         Total |  24821 |  23540 |   1281 |   2263 |  15856 |  26 |  954.7 |
       Dungeon |  15941 |  15087 |    854 |   1389 |  10822 |  15 | 1062.7 |
        Temple |     13 |     13 |      0 |      0 |      0 |   1 |   13.0 |
          Lair |   5743 |   5357 |    386 |    444 |   3591 |   5 | 1148.6 |
     Snake Pit |    554 |    554 |      0 |     90 |    299 |   1 |  554.0 |
  Orcish Mines |   1742 |   1702 |     40 |    287 |    672 |   2 |  871.0 |
      Ice Cave |    562 |    562 |      0 |     53 |    306 |   1 |  562.0 |
       Volcano |    262 |    262 |      0 |      0 |    165 |   1 |  262.0 |
               +--------+--------+--------+--------+--------+-----+--------+

Top non-repeatable levels by time:
     D:8: 1678 daAuts
  Lair:2: 1511 daAuts
     D:5: 1343 daAuts
    D:10: 1329 daAuts
  Lair:5: 1326 daAuts
   Orc:2: 1318 daAuts
    D:14: 1225 daAuts
     D:9: 1222 daAuts
  Lair:4: 1189 daAuts
    D:11: 1083 daAuts
     D:2: 1064 daAuts
    D:12: 998 daAuts
     D:3: 997 daAuts
     D:4: 957 daAuts
     D:6: 943 daAuts
